Map: Dusk Towers

Players

Voltz - Winner!

  • Race: Zerg Zerg

Kratoss

  • Race: Zerg Zerg
  • League: Master

Event: Gauntlet LotV Series 1 Qualifier 2

VOD

Have the link to the VOD?

Description

Time

  • Played on: Dec. 5, 2015, 1:18 p.m.
  • Length: 6:52

All games in this series

Show
View Real Time Build Order
Export as new Build Order

Voltz Zerg - Winner!

Build Orders: 3 Hatch before Pool 

Get SALT Encoding   

  12  0:01  Drone  
  13  0:12  Overlord  
  13  0:17  Drone  
  14  0:31  Drone x2  
  14  0:34  Drone  
  17  0:52  Hatchery  
  17  0:54  Drone  
  17  0:57  Drone  
  18  1:18  Hatchery  
  18  1:20  Drone  
  18  1:23  Drone  
  19  1:34  Extractor  
  19  1:38  Spawning Pool  
  17  1:41  Drone  
  17  1:44  Drone  
  19  1:49  Drone  
  20  2:01  Drone  
  20  2:06  Drone  
  22  2:12  Drone  
  23  2:16  Drone  
  24  2:23  Drone  
  24  2:25  Queen  
  24  2:27  Overlord  
  24  2:29  Queen  
  27  2:30  Zergling x2  
  27  2:36  Metabolic Boost  
  30  2:42  Queen  
  32  2:46  Drone  
  32  2:48  Drone  
  32  2:50  Drone  
  35  2:52  Drone  
  36  2:58  Baneling Nest  
  36  3:02  Drone x2  
  37  3:06  Zergling x2  
  37  3:09  Overlord  
  38  3:13  Drone x2  
  40  3:21  Drone  
  40  3:23  Drone  
  42  3:31  Overlord, Drone  
  42  3:32  Drone x3  
  46  3:34  Drone x2  
  46  3:39  Overlord  
  46  3:40  Drone  
  49  3:45  Lair  
  49  3:49  Drone, Extractor  
  49  3:50  Drone  
  49  3:51  Drone x2  
  49  3:54  Overlord  
  52  3:57  Drone  
  52  3:59  Drone  
  52  4:00  Drone  
  52  4:01  Drone  
  56  4:03  Drone  
  56  4:06  Drone x2  
  56  4:07  Drone  
  56  4:08  Baneling  
  56  4:09  Baneling  
  59  4:13  Zergling x6  
  59  4:15  Extractor  
  61  4:17  Extractor  
  61  4:19  Drone x3  
  61  4:20  Drone  
  61  4:21  Drone x2  
  66  4:28  Drone x3, Extractor  
  66  4:29  Drone, Extractor  
  68  4:32  Drone  
  68  4:33  Drone  
  68  4:37  Overlord  
  70  4:43  Spire  
  70  4:45  Zergling x4  
  71  4:48  Zergling x4  
  71  4:49  Zergling x2  
  73  4:53  Zergling x2  
  73  4:59  Zergling x14  
  80  5:01  Overlord  
  80  5:08  Overlord x2  
  79  5:16  Zergling x6  
  79  5:20  Overlord x2  
  81  5:28  Overlord x2  
  81  5:29  Zergling x12  
  85  5:59  Mutalisk  
  85  6:00  Mutalisk x11  
  85  6:03  Drone  
  108  6:08  Zergling x6  
  111  6:15  Hatchery  
  109  6:19  Mutalisk  
  107  6:26  Mutalisk  
  107  6:31  Overlord x2  
  105  6:34  Zergling x18  
Show
View Real Time Build Order
Export as new Build Order

Kratoss Zerg 

Build Orders: Hatch First 

Get SALT Encoding   

  12  0:03  Drone  
  13  0:12  Drone  
  14  0:18  Overlord  
  14  0:26  Extractor  
  14  0:27  Drone  
  14  0:28  Extractor  
  13  0:29  Drone  
  16  0:38  Drone  
  18  0:57  Drone  
  18  0:58  Hatchery  
  18  1:00  Extractor  
  16  1:12  Spawning Pool  
  16  1:15  Drone  
  16  1:18  Drone  
  17  1:22  Drone  
  18  1:29  Drone  
  19  1:44  Overlord  
  19  1:55  Drone  
  19  1:58  Queen  
  22  2:02  Metabolic Boost  
  22  2:04  Zergling x2  
  23  2:10  Queen  
  23  2:11  Drone  
  26  2:17  Overlord  
  26  2:21  Drone  
  27  2:23  Drone  
  28  2:32  Drone  
  28  2:36  Drone  
  30  2:38  Queen  
  32  2:44  Baneling Nest  
  32  2:46  Drone  
  32  2:50  Drone  
  33  2:55  Drone  
  33  2:56  Drone  
  35  3:08  Drone x3  
  35  3:09  Drone  
  39  3:23  Lair  
  39  3:25  Zergling x2, Extractor  
  39  3:26  Zergling x6  
  41  3:27  Extractor  
  41  3:29  Drone x3  
  43  3:35  Drone  
  43  3:36  Extractor  
  44  3:41  Drone  
  44  3:47  Baneling x3  
  44  3:48  Baneling  
  44  3:54  Overlord x2  
  44  4:12  Hatchery  
  43  4:26  Drone x2  
  43  4:27  Drone  
  43  4:28  Drone x4  
  43  4:29  Drone x4, Spire  
  43  4:30  Drone  
  54  4:34  Overlord  
  54  4:38  Zergling x2  
  55  4:43  Zergling x2  
  56  4:45  Overlord  
  56  4:56  Zergling x6  
  56  4:57  Overlord  
  56  4:58  Overlord  
  59  5:03  Zergling x6  
  62  5:11  Extractor  
  57  5:15  Extractor  
  56  5:22  Drone x3  
  56  5:24  Zergling x4  
  61  5:37  Drone  
  61  5:38  Drone x2  
  63  5:44  Baneling x2  
  63  5:51  Mutalisk  
  63  5:52  Mutalisk x6  
  77  6:03  Mutalisk  
  77  6:05  Drone x9  
  77  6:06  Overlord  
  85  6:24  Mutalisk x2  
Tags
 
Add a new tag
Caveats
  • Supply blocks, unpowered buildings, or Contaminate may cause inaccurate times.
  • Supply counts are checked every 10 seconds.